AoeStats
← AOKI_Shogi

Black Forest

509221946Analyzed
4v4 RM · 7d ago on Sep 26, 2026· 58m 40s· 8 players
Game mode
Random Map
Map size
Large (8 player)
Population
200
Speed
Normal
Resources
Standard
Victory
Conquest
Starting age
Dark Age
Ending age
Imperial Age
RankedLock teamsTeams togetherTeam positionsShared explorationLock speedFull tech treeHidden civsTurbo modeCheats
Victory
Defeat
🇲🇽 Britons · Mexico
1405
+15
🇮🇩 Wei · Indonesia
1387
+16
🇮🇳 Saxons · India
1374
+16
🇦🇷 Persians · Argentina
1363
+17
🇲🇦 Mongols · Morocco
1617
-26
🇫🇷 Saracens · France
1392
-16
🇫🇷 Bohemians · France
1362
-15
🇧🇪 Saxons · Belgium
1141
-7
FreakinGorkha
5:30 Loom
10:55 Feudal Age
11:14 Man-at-Arms
11:39 Horse Collar
11:49 Double-Bit Axe
23:04 Castle Age
21:07 Horse Collar
23:39 Fletching
24:27 Bodkin Arrow
24:12 Crossbowman
26:19 Wheelbarrow
26:52 Fortified Wall
27:59 Murder Holes
28:48 Bow Saw
29:53 Heavy Plow
30:55 Stone Mining
31:27 Masonry
35:44 Imperial Age
34:31 Thumb Ring
35:51 Ballistics
36:04 Gold Mining
36:20 Treadmill Crane
36:49 Bracer
37:07 Guard Tower
37:13 Arbalester
39:33 Chemistry
40:16 Keep
40:13 Padded Archer Armor
39:36 Elite Skirmisher
40:59 Architecture
41:12 Conscription
41:46 Leather Archer Armor
42:06 Arrowslits
43:46 Siege Engineers
49:58 Hand Cart
57:14 Coinage
58:56 Banking
Seifer
0:47 Loom
14:56 Feudal Age
15:44 Double-Bit Axe
15:47 Town Watch
16:15 Fishing Lines
21:18 Castle Age
19:11 Stone Mining
22:36 Wheelbarrow
22:13 Bow Saw
22:35 Fletching
24:13 Gold Mining
26:18 Gold Shaft Mining
25:42 Gillnets
30:10 Imperial Age
28:05 Forging
27:57 Bodkin Arrow
28:53 Padded Archer Armor
30:11 Leather Archer Armor
29:46 Treadmill Crane
31:17 Conscription
31:34 Bracer
31:58 Ballistics
32:48 Two-Man Saw
34:28 Chemistry
34:59 Wheelbarrow
34:58 Guilds
36:08 Siege Engineers
36:51 Yeomen
35:59 Elite Longbowman
38:48 Ring Archer Armor
40:17 Masonry
40:35 Murder Holes
41:47 Hoardings
41:54 Architecture
MHT. Nahuel 047
11:54 Feudal Age
16:27 Castle Age
14:30 Double-Bit Axe
15:15 Horse Collar
18:00 Bow Saw
23:06 Forging
24:42 Wheelbarrow
25:21 Heavy Plow
26:24 Hand Cart
27:31 Town Watch
30:52 Imperial Age
28:23 Gold Mining
28:44 Scale Barding Armor
28:51 Bloodlines
28:42 Husbandry
30:08 Chain Barding Armor
30:23 Iron Casting
30:30 Gold Shaft Mining
29:48 Stone Mining
30:17 Loom
31:41 Conscription
31:58 Plate Barding Armor
33:23 Blast Furnace
31:51 Elite War Elephant
33:29 Light Cavalry
36:38 Two-Man Saw
36:19 Crop Rotation
36:26 Hussar
38:48 Devotion
41:23 Cavalier
43:34 Savar
44:53 Fletching
45:15 Masonry
45:42 Hoardings
45:36 Citadels
45:32 Bodkin Arrow
46:00 Ballistics
Behind You
0:50 Loom
11:31 Feudal Age
15:44 Castle Age
14:24 Double-Bit Axe
14:49 Horse Collar
15:21 Gold Mining
25:50 Bow Saw
30:42 Imperial Age
29:14 Wheelbarrow
29:07 Bloodlines
28:57 Husbandry
29:08 Bloodlines
28:58 Husbandry
29:17 Heavy Plow
29:07 Town Watch
29:31 Scale Barding Armor
30:01 Stone Mining
30:51 Gold Shaft Mining
30:42 Forging
31:06 Heavy Hei Guang Cavalry
32:29 Hand Cart
34:29 Chain Barding Armor
36:01 Stone Shaft Mining
36:03 Iron Casting
38:03 Blast Furnace
37:36 Ming Guang Armor
37:16 Capped Ram
40:52 Siege Ram
44:04 Light Cavalry
50:02 Tuntian
50:23 Conscription
Sunyuk
10:23 Feudal Age
12:20 Loom
14:53 Castle Age
13:14 Horse Collar
14:39 Double-Bit Axe
15:10 Loom
20:07 Fletching
25:56 Scale Mail Armor
29:24 Heavy Plow
29:46 Bow Saw
30:22 Stone Mining
30:34 Gold Mining
32:09 Wheelbarrow
31:19 Town Watch
32:17 Gold Shaft Mining
32:24 Town Patrol
33:31 Forging
33:37 Chain Mail Armor
33:17 Bodkin Arrow
33:50 Hand Cart
37:39 Imperial Age
35:21 Caravan
37:31 Iron Casting
37:21 Arson
37:36 Squires
37:22 Gambesons
38:28 Ballistics
37:50 Treadmill Crane
38:50 Plate Mail Armor
38:22 Bracer
39:31 Two-Man Saw
39:04 Crop Rotation
39:06 Conscription
38:06 Elite Hearth Troop
39:20 Heated Shot
40:14 Conscription
41:24 Elite Varangian Guard
47:15 Padded Archer Armor
49:03 Thumb Ring
48:19 Crossbowman
48:47 Arbalester
Yarcla
1:59 Loom
12:02 Feudal Age
14:22 Fletching
19:34 Padded Archer Armor
21:05 Double-Bit Axe
26:18 Castle Age
24:43 Horse Collar
27:33 Heavy Plow
27:49 Bow Saw
28:43 Fishing Lines
31:37 Imperial Age
30:09 Wheelbarrow
30:19 Gold Mining
31:11 Fortified Wall
33:27 Chemistry
32:00 Crossbowman
32:45 Thumb Ring
32:58 Leather Archer Armor
33:05 Arbalester
34:01 Bodkin Arrow
37:36 Gold Shaft Mining
38:36 Bracer
39:07 Ring Archer Armor
49:22 Scale Mail Armor
49:28 Scale Barding Armor
49:36 Forging
52:22 Hand Cart
52:31 Town Watch
54:02 Conscription
53:03 Elite Mameluke
55:57 Forging
56:32 Scale Barding Armor
58:42 Iron Casting
59:10 Husbandry
59:21 Bloodlines
AOKI_Shogi
1:11 Loom
13:16 Feudal Age
13:46 Double-Bit Axe
13:48 Fishing Lines
15:24 Wheelbarrow
19:16 Castle Age
20:15 Bow Saw
20:16 Town Watch
21:24 Padded Archer Armor
22:37 Chemistry
22:41 Leather Archer Armor
25:43 Horse Collar
26:35 Heavy Plow
32:14 Imperial Age
30:46 Hand Cart
30:11 Pikeman
30:52 Scale Mail Armor
31:56 Ballistics
31:58 Chain Mail Armor
33:56 Two-Man Saw
33:19 Forging
32:41 Halberdier
34:25 Plate Mail Armor
34:11 Siege Engineers
35:19 Iron Casting
34:46 Squires
34:32 Arson
37:30 Blast Furnace
37:16 Houfnice
38:55 Conscription
39:36 Wagenburg Tactics
50:48 Fletching
52:42 Caravan
Skrillll
12:17 Feudal Age
13:30 Fishing Lines
15:55 Castle Age
13:57 Double-Bit Axe
15:48 Horse Collar
15:51 Fishing Lines
16:36 Gillnets
24:04 Wheelbarrow
28:00 Imperial Age
25:25 Gold Mining
26:04 Bow Saw
28:13 Hand Cart
28:43 Gold Shaft Mining
28:04 Stone Mining
28:34 Fletching
28:23 Capped Ram
30:07 Bodkin Arrow
30:08 Murder Holes
31:19 Chemistry
31:03 Bracer
31:36 Onager
32:40 Conscription
32:36 Loom
32:37 Town Watch
33:51 Drill
33:29 Siege Ram
34:56 Padded Archer Armor
35:26 Caravan
34:49 Elite Mangudai
35:51 Scale Barding Armor
38:13 Husbandry
38:24 Bloodlines
39:34 Leather Archer Armor
39:41 Ballistics
39:38 Siege Onager
44:53 Chain Barding Armor
43:58 Light Cavalry
46:32 Thumb Ring
47:23 Parthian Tactics
48:51 Forging
48:06 Hussar
Connection lost

Rejoining the realm…

Still unreachable

The connection could not be restored.

Session expired

The server has moved on; the page needs a fresh start.